 Dungeon Crawl Stone Soup version 0.29-a0-819-g94b489e0ae (webtiles) character file.

Game seed: 11438382061772082385

67 Zonian the Chiller (level 3, -3/24 HPs)
             Began as a Demonspawn Ice Elementalist on July 6, 2022.
             Was a Follower of Uskayaw.
             Slain by Natasha (5 damage)
             ... on level 2 of the Dungeon.
             The game lasted 00:02:22 (1503 turns).

Zonian the Chiller (Demonspawn Ice Elementalist)    Turns: 1503, Time: 00:02:23

Health: -3/24      AC:  2    Str:  8    XL:     3   Next: 98%
Magic:  5/6        EV: 12    Int: 16    God:    Uskayaw [*.....]
Gold:   100        SH:  0    Dex: 15    Spells: 6/7 levels left

rFire   . . .      SeeInvis .   d - +1 dagger (venom)
rCold   . . .      Faith    .   (no shield)
rNeg    . . .      Spirit   .   a - +0 robe
rPois   .          Reflect  .   (helmet restricted)
rElec   .          Harm     .   (no cloak)
rCorr   .          Rampage  .   (no gloves)
Will    .....                   (no boots)
Stlth   ++........              (no amulet)
HPRegen 0.08/turn               (no ring)
MPRegen 0.10/turn               (no ring)

@: no status effects
A: horns 1, demonic guardian 1
a: Renounce Religion, Stomp


You were on level 2 of the Dungeon.
You worshipped Uskayaw.
Uskayaw was noncommittal.
You visited 1 branch of the dungeon, and saw 2 of its levels.

You collected 100 gold pieces.

Inventory:

Hand Weapons
 d - a +1 dagger of venom (weapon)
 f - a +1 short sword of freezing
 i - a +1 dagger of speed
Armour
 a - a +0 robe (worn)
Scrolls
 c - a scroll of magic mapping {unknown}
 e - a scroll of amnesia {unknown}
 g - 2 scrolls of identify {unknown}
Potions
 h - a potion of lignification {unknown}


   Skills:
 + Level 2.4 Dodging
 + Level 2.5 Stealth
 + Level 2.6 Spellcasting
 + Level 4.0 Ice Magic


You had 6 spell levels left.
You knew the following spells:

 Your Spells              Type           Power      Damage    Failure   Level
a - Freeze                Ice            60%        1d8       3%          1

Your spell library contained the following spells:

 Spells                   Type           Power      Damage    Failure   Level
 Frozen Ramparts          Ice            30%        1d5       11%         3
 Ozocubu's Armour         Ice            15%        N/A       11%         3
 Hailstorm                Conj/Ice       8%         3d4       63%         4


Dungeon Overview and Level Annotations

Branches:
Dungeon (2/15)

Altars:
Uskayaw

Annotations:
D:2 Natasha


Innate Abilities, Weirdness & Mutations

You have a pair of small horns on your head.
A weak demonic guardian rushes to your aid.


Message History

You freeze Natasha!
You kill Natasha!
Natasha yowls pathetically as she dies!
Your Ice Magic skill increases to level 4!
You start resting.
Natasha, Servant of Life and Death comes into view.
Natasha is nearby!
Natasha is nearby!
Unknown command.
Natasha casts a spell at you. The magic dart hits you!
* * * LOW HITPOINT WARNING * * *
You swap places.
You can no longer pass through a line of other dancers.
Unknown command.
Magic courses through your body. Natasha closely misses your shadow imp.
Your shadow imp hits Natasha.
Natasha claws your shadow imp but does no damage.
Your shadow imp hits Natasha.
Natasha casts a spell at you. The magic dart hits your shadow imp.
Your shadow imp barely misses Natasha.
Unknown command.
Natasha claws your shadow imp.
Your shadow imp misses Natasha.
Unknown command.
Natasha wildly gestures.
Natasha's front paws start to glow.
Natasha claws your shadow imp!
Your shadow imp dies!
Your shadow imp disappears in a puff of smoke!
Unknown command.
You are too injured to fight recklessly!
Casting: Freeze (safe; 3% risk of failure)
Confirm with . or Enter, or press ? or * to list all spells.
Aiming: Freeze (safe; 3% risk of failure)
Press: ? - help, Shift-Dir - straight line, f - Natasha
Aim: Natasha (severely wounded)
You freeze Natasha.
Natasha is almost dead.
Natasha claws you.
You die...

...†...##.###.#......###
.>........# #.#.#......#
#.####..### #.#.#......#
........#####.#.#....###
..####...(.##...#....#
..########.....##..### ....##
#....#.....## ###..#
#........(### ##.#
#........@h.###
#.##.....#..###...############
###..............##..##.....#...
#.....#......###................
#.###........# ######...........
#.# ##....#..# #........... ##.#
##.#.....# #......h<...
...###........# #...........
..............# #.......>...


You could see Natasha.

Vanquished Creatures
  Natasha (D:2)
  2 adders (D:2)
  A dart slug (D:1)
  A ball python (D:1)
  2 bats (D:1)
  2 endoplasms (D:1)
  2 goblins (D:1)
  2 hobgoblins (D:1)
  3 quokkas
  3 frilled lizards
  2 kobolds (D:1)
21 creatures vanquished.

Notes
Turn   | Place    | Note
-------+----------+-------------------------------------------
     0 | D:1      | Zonian the Demonspawn Ice Elementalist began the quest for
                  | the Orb.
     0 | D:1      | Reached XP level 1. HP: 13/13 MP: 3/3
    16 | D:1      | Found a faded altar of an unknown god.
   234 | D:1      | Gained mutation: A weak demonic guardian rushes to your
                  | aid. [demonic ancestry]
   234 | D:1      | Reached XP level 2. HP: 19/19 MP: 0/5
   556 | D:1      | Prayed at the altar of an unknown god.
   556 | D:1      | Became a worshipper of Uskayaw the Reveller
   556 | D:1      | Reached * piety under Uskayaw
  1052 | D:2      | Noticed Natasha
  1233 | D:2      | Gained mutation: You have a pair of small horns on your
                  | head. [demonic ancestry]
  1233 | D:2      | Reached XP level 3. HP: 14/24 MP: 3/6
  1489 | D:2      | Reached ** piety under Uskayaw
  1490 | D:2      | Killed Natasha
  1491 | D:2      | Reached skill level 4 in Ice Magic
  1493 | D:2      | Noticed Natasha
  1495 | D:2      | HP: 1/24 [Natasha/magic dart (10)]
  1503 | D:2      | Slain by Natasha

Illustrated notes

Levels and vault maps discovered:
D:1:      zelgadis_glass_arrival_small, layout_basic,
          shapermc_ecumenical_altar_acropolis
D:2:      layout_rooms, uniq_natasha

Skill      XL: |  1  2  3 |
---------------+----------+-----
Dodging        | 2 |  2.4
Stealth        | 2 |  2.5
Ice Magic      | 4 |  4.0
Spellcasting   | |  2.6

Action                   || total
-------------------------++-------
Melee: Dagger            ||    47
       Unarmed           ||     2
       Punch             ||     2
 Cast: Freeze            ||    12
  Use: Potion            ||     1
 Stab: Sleeping          ||     3
Armor: Robe              ||     7
Dodge: Dodged            ||    28

Table legend: (Time is in decaauts)
 A = Elapsed time spent in this place.
 B = Non-inter-level travel time spent in this place.
 C = Inter-level travel time spent in this place.
 D = Time resting spent in this place.
 E = Time spent auto-exploring this place.
 F = Levels seen in this place.
 G = Mean time per level.
                   A        B        C        D        E       F      G
               +--------+--------+--------+--------+--------+-----+--------+
         Total |   1504 |   1457 |     47 |    349 |    867 |   2 |  752.0 |
       Dungeon |   1504 |   1457 |     47 |    349 |    867 |   2 |  752.0 |
               +--------+--------+--------+--------+--------+-----+--------+

Top non-repeatable levels by time:
     D:1: 1096 daAuts
     D:2: 408 daAuts
